 Dungeon Crawl Stone Soup version 0.19-a0-585-ge40200b (webtiles) character file.

21 ololoev the Firebug (level 2, -6/15 HPs)
             Began as a Deep Elf Fire Elementalist on June 9, 2016.
             Mangled by an ogre
             ... wielding a cursed -3 giant club
              (21 damage)
             ... on level 4 of the Dungeon.
             The game lasted 00:01:44 (323 turns).

ololoev the Firebug (Deep Elf Fire Elementalist)     Turns: 323, Time: 00:01:45

Health: -6/15      AC:  2    Str:  5    XL:     2   Next: 62%
Magic:  5/8        EV: 13    Int: 19    God:
Gold:   64         SH:  0    Dex: 15    Spells: 1 memorised, 6 levels left

rFire  . . .     SeeInvis .     (no weapon)
rCold  . . .     Gourm    .     a - +0 robe
rNeg   + . .     Faith    .     (no shield)
rPois  .         Spirit   .     (no helmet)
rElec  .         Dismiss  .     (no cloak)
rCorr  .         Reflect  .     (no gloves)
SustAt .         Harm     .     (no boots)
MR     .....                    (no amulet)
Stlth  ++........               (no ring)
                                e - ring of positive energy (curse)

@: not resistant to hostile enchantments, unstealthy
A: no striking features
a: no special abilities

Inventory:

Armour
 a - a +0 robe (worn)
Jewellery
 e - a cursed ring of positive energy (left hand)
Scrolls
 g - a scroll of recharging {unknown}
 i - a scroll of identify {unknown}
 j - a scroll of magic mapping {unknown}
Potions
 d - a potion of lignification {unknown}
 h - 2 potions of brilliance {unknown}
 k - a potion of cure mutation {unknown}
Books
 b - a book of Flames

   Spells                             Type                      Level
   a - Flame Tongue                   Conjuration/Fire             1
   b - Throw Flame                    Conjuration/Fire             2
   c - Conjure Flame                  Conjuration/Fire             3
   d - Inner Flame                    Hexes/Fire                   3
   e - Sticky Flame                   Conjuration/Fire             4
   f - Fireball                       Conjuration/Fire             5
Comestibles
 c - a bread ration
 f - a meat ration


   Skills:
 - Level 2.4 Dodging
 - Level 2.4 Stealth
 + Level 3.2 Spellcasting
 * Level 2.1 Conjurations
 + Level 3.7 Fire Magic


You had 6 spell levels left.
You knew the following spells:

 Your Spells              Type           Power        Failure   Level  Hunger
a - Flame Tongue          Conj/Fire      ##...        6%          1    None


You were on level 4 of the Dungeon.
You were not hungry.

You visited 1 branch of the dungeon, and saw 4 of its levels.

You collected 64 gold pieces.

##.......# ..#
#.._.....###.#
.....!......#
#....8.....#
#W......%.#
#....._.#
#.....$.#
##....#.####
..(.##..O@..#
... #.#..#.# .
#.#.#..##.
#............
#.#....##...)
#.#..#.# ###
#....<.#
###..### #..#

Notes
Turn   | Place    | Note
--------------------------------------------------------------
     0 | D:1      | ololoev the Deep Elf Fire Elementalist began the quest for the Orb.
     0 | D:1      | Reached XP level 1. HP: 10/10 MP: 6/6
    63 | D:1      | Reached XP level 2. HP: 14/15 MP: 0/8
   309 | D:4      | Found an iron altar of Okawaru.
   316 | D:4      | Found an oddly glowing altar of Pakellas.
   316 | D:4      | Noticed a phantom
   318 | D:4      | Noticed an ogre
   323 | D:4      | Mangled by an ogre

Dungeon Overview and Level Annotations

Branches:
Dungeon (4/15)
 Temple: D:4-7

Altars:
Okawaru
Pakellas


Message History

You kill the hobgoblin!
The goblin shouts!
There is a stone staircase leading down here.
You climb downwards.
There is a stone staircase leading up here.
You now have 42 gold pieces (gained 17).
There is an escape hatch in the ceiling here.
Found 2 metallic purple potions.
Found a scroll labeled FOAXAOHASYA.
Found two stone staircases leading down.
Found a chain mail.
h - 2 metallic purple potions A rat comes into view.
There is a stone staircase leading down here.
You see here a scroll labeled FOAXAOHASYA.
Found a scroll labeled ANAFFI TAUFEQ.
There is a stone staircase leading down here.
Found a dagger.
Casting: Flame Tongue
Confirm with . or Enter, or press ? or * to list all spells.
Aiming: Flame Tongue
Press: ? - help, Shift-Dir - straight line, f - rat
Aim: a rat The flame tongue hits the rat.
You kill the rat!
i - a scroll labeled ANAFFI TAUFEQ
j - a scroll labeled FOAXAOHASYA
There is a stone staircase leading down here.
You climb downwards.
Found 6 gold pieces and a fuming black potion.
There is a stone staircase leading up here.
You now have 48 gold pieces (gained 6).
k - a fuming black potion
(D) Dungeon
Where to? (? - help)
There is a stone staircase leading up here.
You climb upwards.
There is a stone staircase leading down here.
There is a stone staircase leading down here.
You climb downwards.
There is a stone staircase leading up here.
Found an escape hatch in the floor.
Found a leather armour and a robe.
There is an escape hatch in the floor here.
You slide downwards.
The hatch slams shut behind you.
Found 29 gold pieces.
Found an iron altar of Okawaru.
Found a slice of pizza.
Found a stone staircase leading up.
Found 2 sedimented orange potions.
Found a glowing mace.
You now have 64 gold pieces (gained 16).
A phantom comes into view.
Found an oddly glowing altar of Pakellas.
An ogre comes into view. It is wielding a giant club.
Found 20 arrows.
Things that are here:
13 gold pieces; a meat ration
Casting: Flame Tongue
Confirm with . or Enter, or press ? or * to list all spells.
Aiming: Flame Tongue
Press: ? - help, Shift-Dir - straight line, f - ogre
Aim: an ogre, wielding a giant club The flame tongue hits the ogre.
The ogre is lightly wounded.
Casting: Flame Tongue
Confirm with . or Enter, or press ? or * to list all spells.
Aiming: Flame Tongue
Press: ? - help, Shift-Dir - straight line, f/p - ogre
Aim: an ogre, wielding a giant club (lightly wounded)
The flame tongue hits the ogre.
The ogre is moderately wounded.
Casting: Flame Tongue
Confirm with . or Enter, or press ? or * to list all spells.
Aiming: Flame Tongue
Press: ? - help, Shift-Dir - straight line, f/p - ogre
Aim: an ogre, wielding a giant club (moderately wounded)
The flame tongue hits the ogre.
The ogre is heavily wounded.
The ogre hits you with a giant club!!
Ouch! That really hurt!
You die...

You could see an ogre.

Vanquished Creatures
  An ooze (D:1)
  2 bats (D:1)
  2 giant cockroaches (D:1)
  2 goblins (D:1)
  2 hobgoblins
  3 kobolds
  3 rats
15 creatures vanquished.

Action                   || total
-------------------------++-------
 Cast: Flame Tongue      ||    24
Armor: Robe              ||     4
Dodge: Dodged            ||     5

Vault maps used:
D:1:      nicolae_arrival_somewhat_less_tricky_arrival, minivault_27
D:2:      kiku_gazebo_garden_becter, lemuel_zombie_altar_yredelemnul
D:3:      first_bread, uniq_natasha, uniq_terence
D:4:      kennysheep_mini, nicolae_overflow_hidden_temple,
          grunt_temple_overflow_open, makhleb_blood_cavern_becter
